 Dungeon Crawl Stone Soup version 0.27.1-33-g824d729ab1 (webtiles) character file.

Game seed: 17058059354557291939

751 pkoi the Martial Artist (level 7, 0/57 HPs)
             Began as a Black Draconian Monk on Dec 16, 2021.
             Slain by a gnoll (8 damage)
             ... on level 5 of the Dungeon.
             The game lasted 00:05:50 (4982 turns).

pkoi the Martial Artist (Black Draconian Monk)      Turns: 4982, Time: 00:05:50

Health: 0/57       AC: 10    Str: 13    XL:     7   Next: 49%
Magic:  17/17      EV: 12    Int: 13    God:
Gold:   223        SH:  0    Dex: 13    Spells: 3/8 levels left

rFire    + . .     SeeInvis .     - Unarmed
rCold    + . .     Faith    .   (no shield)
rNeg     . . .     Spirit   .   (armour unavailable)
rPois    +         Reflect  .   (helmet restricted)
rElec    +         Harm     .   (no cloak)
rCorr    +         Rampage  .   (no gloves)
Will     .....                  (no boots)
Stlth    ++........             e - amulet of regeneration
HPRegen  1.19/turn              f - ring of magical power
MPRegen  0.15/turn              i - +4 ring of protection

@: resistant
A: breathe lightning, AC +6, unfitting armour, electricity resistance,
cold-blooded, stinger 1, wild magic 1, MP-powered wands
a: Breathe Lightning


You were on level 5 of the Dungeon.
You visited 1 branch of the dungeon, and saw 5 of its levels.

You collected 223 gold pieces.

Inventory:

Hand Weapons
 c - a +0 dagger of venom
Missiles
 g - 7 boomerangs (quivered)
Jewellery
 e - an amulet of regeneration (around neck)
 f - a ring of magical power (left hand)
 i - a +4 ring of protection (right hand)
 j - a ring of see invisible
Wands
 b - a wand of flame (24)
Scrolls
 a - a scroll of enchant weapon
 d - 2 scrolls of identify


   Skills:
 - Level 3.3 Fighting
 - Level 2.7 Dodging
 - Level 1.7 Stealth
 + Level 8.2 Unarmed Combat
 + Level 1.2 Spellcasting
 + Level 1.3 Conjurations
 + Level 1.2 Ice Magic
 + Level 1.6 Air Magic


You had 3 spell levels left.
You knew the following spells:

 Your Spells              Type           Power      Damage    Failure   Level
a - Freezing Cloud        Conj/Ice/Air   2%         6-21      99%         5

Your spell library contained the following spells:

 Spells                   Type           Power      Damage    Failure   Level
 Freeze                   Ice            20%        1d4       24%         1
 Corpse Rot               Necr/Air       N/A        N/A       38%         2
 Poisonous Vapours        Pois/Air       6%         N/A       38%         2
 Frozen Ramparts          Ice            10%        1d3       54%         3
 Hailstorm                Conj/Ice       5%         3d4       89%         4


Dungeon Overview and Level Annotations

Branches:
Dungeon (5/15)
 Temple: D:4-7

Altars:
Makhleb

Shops:
D:4 [

Portals:
Sewer: D:5

Annotations:
D:3 Robin, Sigmund


Innate Abilities, Weirdness & Mutations

You can breathe wild blasts of lightning.
Your glossy black scales are hard. (AC +6)
You cannot fit into any form of body armour.
You are resistant to electric shocks. (rElec)
You are cold-blooded and may be slowed by cold attacks.
Your tail ends in a poisonous barb.
Your spells are a little harder to cast, but a little more powerful.
You expend magic power (3 MP) to strengthen your wands.


Message History

The gnoll sergeant is lightly wounded.
The gnoll closely misses you. The gnoll misses you.
You hit the gnoll sergeant.
The gnoll sergeant is moderately wounded.
The gnoll sergeant hits you with a +1 spear of distortion.
Space bends around you.
* * * LOW HITPOINT WARNING * * *
The gnoll barely misses you. The gnoll hits you but does no damage.
The gnoll hits you with a +0 flail.
* * * LOW HITPOINT WARNING * * *
You hit the gnoll sergeant.
You tail-slap the gnoll sergeant, but do no damage.
The gnoll sergeant is moderately wounded.
The gnoll sergeant hits you with a +1 spear of distortion.
* * * LOW HITPOINT WARNING * * *
Space bends around you.
* * * LOW HITPOINT WARNING * * *
The gnoll barely misses you.
You closely miss the gnoll sergeant.
The gnoll sergeant is moderately wounded.
The gnoll closely misses you. The gnoll hits you with a +0 flail.
* * * LOW HITPOINT WARNING * * *
The gnoll sergeant barely misses you. The gnoll hits you with a +0 flail.
* * * LOW HITPOINT WARNING * * *
Unknown command.
You hit the gnoll sergeant but do no damage.
You tail-slap the gnoll sergeant.
The gnoll sergeant is poisoned.
The gnoll sergeant is heavily wounded.
The gnoll hits you with a +0 whip.
* * * LOW HITPOINT WARNING * * *
The gnoll hits you but does no damage.
The gnoll sergeant hits you but does no damage.
Space bends around you.
* * * LOW HITPOINT WARNING * * *
The gnoll hits you with a +0 flail.
* * * LOW HITPOINT WARNING * * *
The gnoll sergeant blocks your attack.
The gnoll sergeant is heavily wounded.
The gnoll hits you but does no damage. The gnoll hits you with a +0 flail!
You die...

.#.# #g≈.##≈..
.......#.≈#≈.≈#
#..#####.≈#≈.≈#
#.≈#≈∩≈#
#†≈#≈.≈#
#≈≈#≈†≈# .#
#≈≈#≈g≈# .#
#≈gggr## .#
##≈@g## .#
##### .# .##
..# #># #
..#####.#
........#
#########


You could see a gnoll sergeant (poisoned), 4 gnolls and a quokka.

Vanquished Creatures
  A black bear (D:4)
  A scorpion (D:4)
  2 water moccasin zombies (D:5)
  A water moccasin skeleton (D:5)
  A hound (D:3)
  A jelly (D:5)
  4 orc priests
  A bullfrog skeleton (D:5)
  2 orc wizards
  An iguana (D:4)
  5 adders
  A gnoll (D:4)
  A worm (D:2)
  A dart slug (D:4)
  9 orcs
  10 ball pythons
  3 bats
  7 endoplasms
  5 giant cockroaches
  12 goblins
  6 hobgoblins
  3 jackals (D:4)
  10 quokkas
  4 frilled lizards
  2 kobolds
  6 rats
100 creatures vanquished.

Vanquished Creatures (others)
  8 plants (D:2)
8 creatures vanquished.

Grand Total: 108 creatures vanquished

Notes
Turn   | Place    | Note
-------+----------+-------------------------------------------
     0 | D:1      | pkoi the Draconian Monk began the quest for the Orb.
     0 | D:1      | Reached XP level 1. HP: 19/19 MP: 1/1
   200 | D:1      | Reached XP level 2. HP: 26/26 MP: 2/2
   837 | D:2      | Found a burning altar of Makhleb.
   844 | D:2      | Reached skill level 4 in Unarmed Combat
   946 | D:2      | Gained mutation: You expend magic power (3 MP) to
                  | strengthen your wands. [potion of mutation]
   946 | D:2      | Gained mutation: Your spells are a little harder to cast,
                  | but a little more powerful. [potion of mutation]
   946 | D:2      | Gained mutation: Your tail ends in a poisonous barb.
                  | [potion of mutation]
   950 | D:2      | Reached XP level 3. HP: 5/31 MP: 3/3
  1283 | D:2      | Found a faded altar of an unknown god.
  2526 | D:3      | Noticed Robin
  2566 | D:3      | Reached XP level 4. HP: 38/38 MP: 4/4
  2736 | D:3      | Reached skill level 5 in Unarmed Combat
  3068 | D:3      | Noticed Sigmund
  3214 | D:4      | Found Erissiqe's Antique Armour Emporium.
  3435 | D:3      | Reached XP level 5. HP: 26/45 MP: 5/5
  3444 | D:3      | Reached skill level 6 in Unarmed Combat
  3734 | D:4      | Reached XP level 6. HP: 40/51 MP: 6/6
  3845 | D:4      | Reached skill level 7 in Unarmed Combat
  4365 | D:4      | Reached skill level 8 in Unarmed Combat
  4545 | D:4      | Your scales start taking on a glossy black colour.
  4545 | D:4      | Reached XP level 7. HP: 57/57 MP: 7/7
  4545 | D:4      | Gained mutation: You are resistant to electric shocks.
                  | (rElec) [Black Draconian growth]
  4551 | D:4      | Learned a level 5 spell: Freezing Cloud
  4669 | D:5      | Entered Level 5 of the Dungeon
  4790 | D:5      | Identified the +0 leather armour "Jufat" {*Corrode rElec
                  | rN+++}
  4795 | D:5      | Reached skill level 1 in Air Magic
  4927 | D:5      | Reached skill level 1 in Spellcasting
  4927 | D:5      | Reached skill level 1 in Conjurations
  4927 | D:5      | Reached skill level 1 in Ice Magic
  4957 | D:5      | Found a glowing drain.
  4982 | D:5      | Slain by a gnoll

Illustrated notes

Levels and vault maps discovered:
D:1:      saegor_arrival_simple_e, layout_basic, chequers_serial_rivers_micro_a
D:2:      wad_lake_hut, layout_loops_ring, shapermc_ecumenical_altar_ellora,
          basic_altar, minmay_unequal
D:3:      layout_loops_corners, palyth_stone_intersect, uniq_sigmund, uniq_robin
D:4:      layout_gridville, nicolae_wooded_promenade, st_stairs_8
D:5:      layout_loops_ring, gup_sewer_entry_pipe, uniq_crazy_yiuf_cottage

Skill      XL: |  1  2  3  4  5  6  7 |
---------------+----------------------+-----
Unarmed Combat | 4 5 6 8 |  8.2
Air Magic      | 1 |  1.6
Spellcasting   | 1 |  1.2
Conjurations   | 1 |  1.3
Ice Magic      | 1 |  1.2
Fighting       | |  3.3
Dodging        | |  2.7
Stealth        | |  1.7

Action                   |  1- 3 |  4- 6 |  7- 9 || total
-------------------------+-------+-------+-------++-------
Melee: Unarmed           |   137 |   171 |    76 ||   384
       Tailslap          |    21 |    23 |    10 ||    54
       Punch             |     4 |     5 |     1 ||    10
Throw: Boomerang         |       |     3 |       ||     3
  Use: Potion            |     5 |     3 |     2 ||    10
       Scroll            |     3 |     1 |       ||     4
 Stab: Sleeping          |     5 |     1 |     1 ||     7
Armor: Skin              |    33 |    91 |    34 ||   158
Dodge: Dodged            |    85 |   146 |    58 ||   289
